 Dungeon Crawl Stone Soup version 0.25.0-9-g26727b657a (webtiles) character file.

Game seed: 16589834447436371913

2625923 mopl the Knight (level 27, 215/273 HPs)
             Began as a Centaur Hunter on June 21, 2020.
             Was a Priest of Okawaru.
             Escaped with the Orb
             ... and 5 runes!
             The game lasted 03:33:54 (97499 turns).

mopl the Knight (Centaur Hunter)                   Turns: 97499, Time: 03:33:55

Health: 215/273    AC: 51    Str: 29    XL:     27
Magic:  39/40      EV: 17    Int:  6    God:    Okawaru [***...]
Gold:   1389       SH:  0    Dex: 20    Spells: 31/34 levels left

rFire    + + .     SeeInvis .   a - +8 storm bow {elec, penet}
rCold    + + .     Gourm    .   (shield currently unavailable)
rNeg     + + .     Faith    .   E - +12 gold dragon scales
rPois    +         Spirit   .   B - +1 helmet "Juqij" {Slay+3}
rElec    +         Reflect  .   K - +2 cloak {rCorr}
rCorr    +         Harm     .   M - +0 pair of gloves of Lust {rElec}
MR       +++++     Clarity  +   H - +0 centaur barding {Fly}
Stlth    ..........             q - amulet of the Four Winds {rN+ MR+++ Clar}
HPRegen  0.55/turn              F - ring "Oridosh" {rF+ MR+ Int-4 Dex+3} (curse)
MPRegen  0.27/turn              r - ring of Didweix {rC+ rN+ Dex+2}

@: mighty, mildly poisoned (215 -> 214), heroism, finesse, flying, very quick
A: large, claws 1, hooves 3, thin skeletal structure 1, deformed body,
deterioration 1, speed 2, robust 1, screaming 1, strong 2, tough skin 3, subdued
magic 1
0: Orb of Zot
}: 5/15 runes: serpentine, barnacled, slimy, silver, abyssal
a: Heroism, Renounce Religion, Stop Flying


You escaped.
You worshipped Okawaru.
Okawaru was most pleased with you.
You were very full.

You visited 12 branches of the dungeon, and saw 58 of its levels.
You visited the Abyss 1 time.
You also visited: Sewer and Ice Cave.

You collected 12107 gold pieces.
You spent 10718 gold pieces at shops.

Inventory:

Hand Weapons
 a - the +8 storm bow (weapon) {elec, penet}
   (You bought it in a shop on level 11 of the Dungeon)

   It charges the ammunition it shoots with electricity; occasionally upon a
   hit, such missiles may discharge and cause terrible harm.
   Ammo fired by it will pass through the targets it hits, potentially hitting
   all targets in its path until it reaches maximum range.
 b - the +8 glaive of the Guard {elec, +Rage AC+5 SInv}
   (You took it off a merfolk on level 4 of the Shoals)

   Occasionally, upon striking a foe, it will discharge some electrical energy
   and cause terrible harm.
   It affects your AC (+5).
   It lets you see invisible.
   It lets you go berserk.
Missiles
 d - 1494 arrows (quivered)
 p - 18 throwing nets
Armour
 f - the +3 hat of Pondering {ponderous, MR+ MP+10 Int+5}
   (You found it on level 3 of the Crypt)

   It affects your intelligence (+5).
   It affects your resistance to hostile enchantments.
   It affects your magic capacity (+10).
 t - a +2 centaur barding of cold resistance
 z - a +1 helmet of see invisible
 B - the +1 helmet "Juqij" (worn) {Slay+3}
   (Okawaru gifted it to you on level 1 of the Crypt)

   It affects your accuracy and damage with ranged weapons and melee attacks
   (+3).
 E - +12 gold dragon scales (worn)
 H - a +0 centaur barding of flying (worn)
 K - a +2 cloak of preservation (worn)
 M - the +0 pair of gloves of Lust (worn) {rElec}
   (You found it in an ice cave)

   It insulates you from electricity.
Jewellery
 q - the amulet of the Four Winds (around neck) {rN+ MR+++ Clar}
   (You bought it in a shop on level 1 of the Elven Halls)

   [amulet of nothing]

   It protects you from negative energy.
   It affects your resistance to hostile enchantments.
   It protects you against confusion.
 r - the ring of Didweix (right hand) {rC+ rN+ Dex+2}
   (You bought it in a shop on level 5 of the Vaults)

   [ring of positive energy]

   It affects your dexterity (+2).
   It protects you from cold.
   It protects you from negative energy.
 D - the amulet of Vitality {Regen+ HP+15}
   (You bought it in a shop on level 1 of the Elven Halls)

   [amulet of regeneration]

   It affects your health (+15).
   It increases your rate of regeneration.
 F - the cursed ring "Oridosh" (left hand) {rF+ MR+ Int-4 Dex+3}
   (You found it on level 2 of the Vaults)

   [ring of intelligence]

   It affects your intelligence (-4).
   It affects your dexterity (+3).
   It protects you from fire.
   It affects your resistance to hostile enchantments.
   It has a curse placed upon it.
 Y - an uncursed amulet of faith
Wands
 s - a wand of acid (56)
 y - a wand of paralysis (54)
 C - a wand of enslavement (21)
 R - a wand of digging (31)
 W - a wand of iceblast (60)
 X - a wand of clouds (17)
Scrolls
 e - 11 scrolls of blinking
 j - 17 scrolls of identify
 l - 6 scrolls of summoning
 n - 5 scrolls of silence
 v - 17 scrolls of fog
 w - 43 scrolls of teleportation
 I - 9 scrolls of fear
 J - 41 scrolls of remove curse
 L - 7 scrolls of magic mapping
 P - 2 scrolls of vulnerability
 U - 3 scrolls of holy word
Potions
 g - 30 potions of curing
 h - 7 potions of berserk rage
 i - 6 potions of mutation
 k - 4 potions of cancellation
 m - 6 potions of haste
 o - 17 potions of heal wounds
 A - 5 potions of might
 G - 9 potions of magic
 N - a potion of stabbing
 Q - 6 potions of ambrosia
 V - 6 potions of resistance
 Z - 6 potions of invisibility
Miscellaneous
 u - a lightning rod (4/4)
 x - a phial of floods
 O - 8 boxes of beasts
 S - 7 phantom mirrors
 T - a tin of tremorstones (3/3)
Comestibles
 c - 98 rations


   Skills:
 + Level 20.8(25.8) Fighting
 + Level 16.7(21.7) Polearms
 - Level 20.0(25.0) Bows
 + Level 18.7(23.7) Armour
 + Level 18.0(23.0) Dodging
 - Level 0.4(5.4) Stealth
 - Level 4.0 Spellcasting
 * Level 11.8 Translocations
 + Level 26.2 Invocations
 - Level 10.0 Evocations


You had 31 spell levels left.
You knew the following spells:

 Your Spells              Type           Power        Failure   Level  Hunger
a - Apportation           Tloc           ##....       1%          1    ##.....
e - Blink                 Tloc           N/A          2%          2    ###....

Your spell library contained the following spells:

 Spells                   Type           Power        Failure   Level  Hunger
 Gell's Gravitas          Tloc           ##........   4%          3    ####...
 Lesser Beckoning         Tloc           ##........   4%          3    ####...
 Teleport Other           Tloc           ##......     4%          3    ####...
 Shroud of Golubria       Chrm/Tloc      #.....       28%         2    ###....
 Recall                   Summ/Tloc      N/A          50%         3    ####...
 Iskenderun's Mystic Bla  Conj/Tloc      #.......     89%         4    #####..
 Animate Skeleton         Necr           N/A          92%         1    ##.....
 Corona                   Hex            #......      92%         1    ##.....
 Foxfire                  Conj/Fire      #...         92%         1    ##.....
 Infusion                 Chrm           #...         92%         1    ##.....
 Pain                     Necr           #...         92%         1    ##.....
 Shock                    Conj/Air       #...         92%         1    ##.....
 Sting                    Tmut/Pois      #...         92%         1    ##.....
 Summon Small Mammal      Summ           #...         92%         1    ##.....
 Call Imp                 Summ           #.......     98%         2    ###....
 Corpse Rot               Necr/Air       N/A          98%         2    ###....
 Ensorcelled Hibernation  Hex/Ice        #.....       98%         2    ###....
 Poisonous Vapours        Pois/Air       #.....       98%         2    ###....
 Searing Ray              Conj           #.....       98%         2    ###....
 Slow                     Hex            #.......     98%         2    ###....
 Song of Slaying          Chrm           #.......     98%         2    ###....
 Sublimation of Blood     Necr           #.........   98%         2    ###....
 Swiftness                Chrm/Air       #.......     98%         2    ###....
 Call Canine Familiar     Summ           #.......     100%        3    ####...
 Confusing Touch          Hex            #.......     100%        3    ####...
 Conjure Flame            Conj/Fire      #.......     100%        3    ####...
 Dazzling Flash           Conj/Hex       #.....       100%        3    ####...
 Ignite Poison            Fire/Tmut/Pois #.......     100%        3    ####...
 Inner Flame              Hex/Fire       #.......     100%        3    ####...
 Mephitic Cloud           Conj/Pois/Air  #.......     100%        3    ####...
 Ozocubu's Armour         Chrm/Ice       #.......     100%        3    ####...
 Spectral Weapon          Hex/Chrm       #.......     100%        3    ####...
 Static Discharge         Conj/Air       #.......     100%        3    ####...
 Summon Guardian Golem    Hex/Summ       #.......     100%        3    ####...
 Tukima's Dance           Hex            #.......     100%        3    ####...
 Airstrike                Air            #.........   100%        4    #####..
 Animate Dead             Necr           N/A          100%        4    #####..
 Cause Fear               Hex            #.........   100%        4    #####..
 Dispel Undead            Necr           #.......     100%        4    #####..
 Ice Form                 Ice/Tmut       #.......     100%        4    #####..
 Leda's Liquefaction      Hex/Erth       #.........   100%        4    #####..
 Olgreb's Toxic Radiance  Pois           #.......     100%        4    #####..
 Petrify                  Tmut/Erth      #.......     100%        4    #####..
 Sticky Flame             Conj/Fire      #.......     100%        4    #####..
 Summon Ice Beast         Ice/Summ       #.......     100%        4    #####..
 Summon Lightning Spire   Summ/Air       #.......     100%        4    #####..
 Agony                    Necr           #.......     100%        5    ######.
 Alistair's Intoxication  Tmut/Pois      #.......     100%        5    ######.
 Bolt of Magma            Conj/Fire/Erth #.........   100%        5    ######.
 Borgnjor's Vile Clutch   Necr/Erth      #.........   100%        5    ######.
 Excruciating Wounds      Chrm/Necr      #.........   100%        5    ######.
 Fireball                 Conj/Fire      #.........   100%        5    ######.
 Irradiate                Conj/Tmut      #.........   100%        5    ######.
 Lee's Rapid Deconstruct  Erth           #.........   100%        5    ######.
 Lightning Bolt           Conj/Air       #.........   100%        5    ######.
 Metabolic Englaciation   Hex/Ice        #.........   100%        5    ######.
 Silence                  Hex/Air        #.........   100%        5    ######.
 Conjure Ball Lightning   Conj/Air       #.........   100%        6    #######
 Death Channel            Necr           #.........   100%        6    #######
 Eringya's Noxious Bog    Tmut/Pois      #.........   100%        6    #######
 Freezing Cloud           Conj/Ice/Air   #.........   100%        6    #######
 Hydra Form               Tmut           #.........   100%        6    #######
 Invisibility             Hex            #.......     100%        6    #######
 Iron Shot                Conj/Erth      #.........   100%        6    #######
 Ozocubu's Refrigeration  Ice            #.........   100%        6    #######
 Simulacrum               Ice/Necr       #.........   100%        6    #######
 Starburst                Conj/Fire      #.........   100%        6    #######
 Statue Form              Tmut/Erth      #........    100%        6    #######
 Dragon Form              Tmut           #.........   100%        7    #######
 Haunt                    Necr/Summ      #.........   100%        7    #######
 Malign Gateway           Summ/Tloc      #.........   100%        7    #######
 Ring of Flames           Chrm/Fire      #.........   100%        7    #######
 Spellforged Servitor     Conj/Summ      #.........   100%        7    #######
 Summon Hydra             Summ           #.........   100%        7    #######
 Borgnjor's Revivificati  Necr           #.........   100%        8    #######
 Death's Door             Chrm/Necr      #.........   100%        8    #######
 Ignition                 Fire           #.........   100%        8    #######
 Infestation              Necr           #.........   100%        8    #######
 Necromutation            Tmut/Necr      #.........   100%        8    #######
 Dragon's Call            Summ           #.........   100%        9    #######
 Shatter                  Erth           #.........   100%        9    #######
 Tornado                  Air            #.........   100%        9    #######
 Passage of Golubria      Tloc           Unusable     N/A         4    N/A

Dungeon Overview and Level Annotations

Branches:
Dungeon (15/15)            Temple (1/1) D:7            Lair (6/6) D:11
 Shoals (4/4) Lair:4        Snake (4/4) Lair:4        Slime (5/5) Lair:5
    Orc (2/2) D:11            Elf (3/3) Orc:2        Vaults (5/5) D:13
  Crypt (3/3) Vaults:3       Tomb (0/3) Crypt:3      Depths (5/5) D:15
    Zot (5/5) Depths:5      Sewer (visited)           IceCv (visited)

Altars:
Ashenzari
Dithmenos
Elyvilon
Fedhas
Gozag
Kikubaaqudgha
Makhleb
Nemelex Xobeh
Okawaru
Qazlal
Ru
Sif Muna
Trog
Uskayaw
Vehumet
Xom
Yredelemnul
The Shining One
Beogh
Jiyva

Shops:
D:11 (?}   Orc:1 [   Orc:2 [:%%   Elf:1 }=}   Elf:2 [   Elf:3 ?*   Snake:1 *
Snake:2 %   Snake:4 %**   Vaults:4 }?   Vaults:5 ?!%=

Portals:
Hell: Depths:1 Depths:3 Depths:4 Depths:5
Abyss: Depths:3 Depths:4
Pandemonium: Depths:2 Depths:3
Ziggurat: Depths:4

Annotations:
Orc:2 2 runed translucent doors, exclusion: orange crystal statue
Elf:2 5 runed translucent doors
Elf:3 ?BW + Necro, 1 exclusion
Depths:2 fly
Depths:3 3 runed translucent doors + fly, Jueplic's ghost, veteran TrHu


Innate Abilities, Weirdness & Mutations

You have hooves in place of feet.
Armour fits poorly on your strangely shaped body.
You cover ground very quickly.
You have extremely tough skin. (AC +3)
You have sharp fingernails.
You have a somewhat thin skeletal structure. (Dex +2, Stealth)
Your body sometimes deteriorates upon taking damage.
You are robust. (+10% HP)
You occasionally shout uncontrollably at your foes.
Your muscles are very strong. (Str +4)
Your spells are a little easier to cast, but a little less powerful.


Message History

Casting: Apportation (safe; 1% risk of failure)
Confirm with . or Enter, or press ? or * to list all spells.
Aiming: Apportation (safe; 1% risk of failure)
Press: ? - help, Dir - move target cursor Apport: an arrow Yoink!
You pull the item towards yourself.
You feel sick.
d - 1494 arrows (gained 1)
You remove the amulet of Vitality {Regen+ HP+15}.
You feel a surge of divine interest.
Y - an amulet of faith (around neck) Remove which piece of jewellery? (? for menu, Esc to quit)
Really remove
Y - an amulet of faith?
You remove your amulet of faith.
Okawaru seems less interested in you.
You feel less pious.
You feel sick.
q - the amulet of the Four Winds (around neck) {rN+ MR+++ Clar} You feel very mighty all of a sudden.
Unknown command.
You have escaped!

#.###(####...####..#
##.###....# #.#
#.##.......##..#
#..# ##..## #.#
#..............#
#.#######.# #.#
#.##.......###.#
#......###. #.#
#.####.........#
######.# ## #.# #.#
#...###...# #.# #.#
#.# #######.#.####
#.# #.# #.#
#.........# #.# #)#
#.# #...@.....# #.#
#.# #.# ##.........#
#.# #.# #.#
#..........# #.# #
#.# #.####
#.....8....# #.# #
#.# #....#
#......♣...# #.####
#.#
####.###..........#
#..... #.##
#..............#
#.#### ...#
#####..........# #.#
...# #.##########
#.#


There were no monsters in sight!

Vanquished Creatures
  the Royal Jelly (Slime:5)
  5 ancient liches
  10 orbs of fire
  The ghost of astronautguy the Petrodigitator, a master FoEE of Vehumet (Vaults:2)
  Boris (twice) (Depths:4 Crypt:3)
  A pandemonium lord (D:1)
  A juggernaut (Depths:3)
  Sojobo (Crypt:2)
  4 Killer Klowns
  Bai Suzhen (Crypt:1)
  Saint Roka (Orc:2)
  Vashnia (Snake:4)
  5 curse toes
  A caustic shrike (Depths:3)
  8 golden dragons
  Jory (Crypt:2)
  A bone dragon (Depths:5)
  The ghost of vegansnacktivist the Executioner, an adept DDFi of Makhleb (Vaults:2)
  3 electric golems
  Jorgrun (D:15)
  23 tentacled monstrosities
  29 Orb Guardians
  An Ice Fiend (IceCv)
  5 liches
  7 quicksilver dragons
  6 titans
  2 deep elf master archers (Elf:3)
  2 deep elf blademasters (Elf:3)
  17 acid blobs
  Gastronok (Lair:1)
  4 death cobs
  2 krakens (Shoals:4)
  5 sphinxes
  4 ancient champions
  20 storm dragons
  12 tengu reavers
  10 nagarajas
  4 draconian monks
  Donald (Vaults:1)
  A revenant (Depths:4)
  5 fire giants
  Ilsuiw (Shoals:2)
  7 azure jellies
  Roxanne (D:15)
  18 shadow dragons
  Aizul (Depths:1)
  3 ghost moths
  10 draconian scorchers
  7 draconian knights
  7 deep elf sorcerers
  2 iron dragons (Vaults:5)
  Louise (Shoals:2)
  A juggernaut zombie (Depths:4)
  7 frost giants
  A balrug (Depths:3)
  A caustic shrike zombie (Depths:4)
  5 vault wardens
  5 draconian shifters
  3 curse skulls
  5 war gargoyles
  4 draconian stormcallers
  7 draconian annihilators
  5 ghouls
  4 orc warlords
  6 deep elf elementalists
  2 caustic shrike skeletons (Depths:4)
  17 stone giants
  8 vampire knights
  18 ironheart preservers
  12 very ugly things
  16 green draconians
  Nessos (D:15)
  6 deep elf demonologists
  23 yellow draconians
  18 white draconians
  11 black draconians
  9 purple draconians
  2 spark wasps (Depths:5)
  8 deep elf annihilators
  4 eidola
  Snorg (Orc:2)
  16 ettins
  9 merfolk javelineers
  8 red draconians
  3 death oozes
  8 deep elf death magi
  21 fire dragons
  7 deep elf high priests
  10 merfolk impalers
  4 crystal guardians (Depths:3)
  12 great orbs of eyes
  13 yaktaur captains
  15 jiangshi
  24 vault guards
  2 hell beasts (Zot:5)
  3 hydras
  7 ice dragons
  3 rakshasas
  15 naga warriors
  Harold (D:9)
  2 anacondas (shapeshifter)
  A catoblepas (D:15)
  3 spriggan air magi
  3 merfolk avatars
  2 alligator snapping turtles
  8 anacondas
  A two-headed ogre (shapeshifter) (Vaults:5)
  A quicksilver dragon skeleton (Crypt:3)
  6 merfolk aquamancers
  9 ogre magi
  Erica (Lair:1)
  A satyr (shapeshifter) (Vaults:5)
  A death knight (D:13)
  9 centaur warriors
  9 deep troll earth magi
  3 satyrs
  12 dancing weapons
  2 small abominations
  5 tengu warriors
  12 deep troll shamans
  3 vampire magi
  29 two-headed ogres
  8 orc high priests
  3 spriggan berserkers (Depths:5)
  22 naga sharpshooters
  2 titan skeletons (Depths:4)
  7 shock serpents
  2 titan zombies
  2 soul eaters
  2 sun demons (Depths:3)
  5 hell knights (Crypt:3)
  6 iron trolls
  23 deep elf knights
  3 wretched stars (Abyss:5)
  A sixfirhy (Zot:5)
  6 salamander mystics
  31 deep trolls
  2 storm dragon skeletons (Crypt:3)
  4 shadow wraiths
  A spectral hydra (Depths:2)
  A spectral anaconda (Depths:2)
  16 sea snakes
  4 glowing orange brains
  An anaconda zombie (Crypt:3)
  3 wizards
  25 skeletal warriors
  7 flayed ghosts
  A death drake (Depths:2)
  14 ironbrand convokers
  A tengu zombie (Vaults:4)
  3 unseen horrors
  A swamp dragon (Lair:6)
  4 orange crystal statues
  11 naga ritualists
  A sphinx zombie (Depths:4)
  An iron giant skeleton (Crypt:1)
  A lindwurm (Lair:6)
  A shadow dragon zombie (Depths:4)
  3 necromancers
  29 orc knights
  A wolf spider zombie (Crypt:3)
  30 phantasmal warriors
  5 harpies
  55 deep elf magi
  A harpy (shapeshifter) (Depths:4)
  18 deep elf archers
  38 ugly things
  15 mana vipers
  A moth of wrath (shapeshifter) (Vaults:5)
  A shadow dragon skeleton (Crypt:2)
  3 fire giant zombies
  10 orc sorcerers
  5 wolf spiders
  10 oklob plants
  17 salamanders
  3 shining eyes
  7 fauns
  12 manticores
  6 elephants (Lair:6)
  23 cyclopes
  6 human zombies
  28 moths of wrath
  A frost giant zombie (Depths:4)
  13 merfolk sirens
  Maurice (Orc:1)
  A stone giant skeleton (Crypt:2)
  A dire elephant zombie (Crypt:3)
  4 frost giant skeletons (Depths:4)
  An ice statue (IceCv)
  Joseph (D:8)
  A molten gargoyle (Elf:3)
  3 centaur skeletons (D:14)
  4 guardian serpents
  16 naga magi
  11 water nymphs
  42 black mambas
  13 vault sentinels
  5 torpor snails (Lair:6)
  11 smoke demons
  A hellion (D:1)
  5 gargoyles
  A spriggan skeleton (Depths:4)
  A grey draconian zombie (Crypt:2)
  10 komodo dragons
  11 freezing wraiths
  10 spiny frogs
  A yaktaur (shapeshifter) (Depths:5)
  2 kobold demonologists
  An elf skeleton (Depths:4)
  9 rime drakes
  A redback zombie (D:14)
  51 yaktaurs
  A red draconian zombie (Crypt:1)
  A komodo dragon (shapeshifter) (Depths:1)
  A guardian mummy (Crypt:1)
  2 hellwings (Zot:5)
  6 anaconda simulacra
  A queen bee (Abyss:5)
  6 red devils
  9 ice devils
  4 tengu conjurers
  4 spectral merfolk (Depths:2)
  5 meliai (Abyss:5)
  5 trolls
  2 polar bears
  34 merfolk
  4 tyrant leeches (Lair:6)
  13 wind drakes
  12 hornets
  An iron troll skeleton (Crypt:2)
  A jumping spider zombie (Crypt:2)
  18 dream sheep
  2 bog bodies (Crypt:1)
  A raiju (shapeshifter) (Depths:1)
  2 raiju (Depths:2)
  An ettin zombie (Crypt:2)
  14 blink frogs
  An alligator zombie (Crypt:3)
  2 dream sheep (shapeshifter) (Depths:3)
  A fire dragon zombie (Crypt:2)
  11 hippogriffs
  42 slime creatures
  A stone giant simulacrum (Vaults:3)
  4 flying skulls (Depths:4)
  8 snapping turtles
  3 vampires
  4 air elementals
  An ettin skeleton (Crypt:3)
  9 shadows
  Sigmund (D:4)
  2 black mamba zombies (Crypt:3)
  2 spriggans (Depths:5)
  9 water elementals
  6 wyverns
  2 dire elephant simulacra (IceCv)
  34 yaks
  An elf zombie (Depths:4)
  14 wraiths
  3 golden eyes (Slime:2)
  2 basilisks
  2 fire bats (Elf:3)
  5 steam dragons
  3 fire elementals
  A hungry ghost (Crypt:3)
  A human (shapeshifter) (Vaults:2)
  3 neqoxecs
  52 nagas
  2 vampire mosquitoes (D:14)
  A yaktaur simulacrum (Vaults:4)
  14 wargs
  Menkaure (D:4)
  2 harpy simulacra (IceCv)
  3 iron troll simulacra (IceCv)
  3 hydra simulacra (IceCv)
  11 water moccasins
  3 hell hounds (Depths:2)
  A soldier ant (D:12)
  5 acid dragons
  3 spectral spriggans (Depths:2)
  2 spectral trolls (Depths:2)
  A floating eye (Depths:2)
  6 ice beasts
  55 orc warriors
  12 porcupines
  A swamp drake (Lair:6)
  An infernal demonspawn skeleton (Crypt:1)
  2 sky beasts
  7 eyes of draining
  An ice dragon simulacrum (Crypt:2)
  3 black bears
  An alligator simulacrum (IceCv)
  2 necrophages (Crypt:1)
  24 centaurs
  30 ogres
  14 boggarts
  12 wolves
  11 crocodiles
  13 big kobolds
  Blork the orc (D:4)
  17 bullfrogs
  2 merfolk simulacra (Depths:2)
  An earth elemental (Elf:3)
  2 hippogriff skeletons
  A warg zombie (Crypt:2)
  9 scorpions
  A wyvern skeleton (D:14)
  12 killer bees
  2 spectral ogres (Depths:2)
  3 spectral nagas (Depths:2)
  An elephant simulacrum (IceCv)
  9 wights
  2 howler monkeys (D:12)
  A yak skeleton (Crypt:1)
  9 electric eels
  3 spectral centaurs (Depths:2)
  6 crimson imps
  2 black bear zombies (Crypt:1)
  5 draconian simulacra (IceCv)
  2 lava snakes (D:12)
  A quasit (D:14)
  40 orc priests
  3 centaur zombies
  8 hounds
  8 bullfrog skeletons
  A gnoll shaman (D:4)
  34 jellies
  8 iguanas
  Ijyb (D:3)
  14 worker ants
  A human skeleton (Crypt:1)
  38 orc wizards
  A polar bear simulacrum (IceCv)
  2 troll simulacra (IceCv)
  A spriggan simulacrum (IceCv)
  An ogre zombie (Crypt:2)
  A crocodile zombie (Crypt:2)
  2 centaur simulacra
  A dwarf skeleton (Crypt:1)
  A hound zombie (D:8)
  A hound skeleton (D:7)
  4 mummies (Crypt:1)
  4 worker ant zombies
  A howler monkey zombie (D:10)
  25 adders
  4 gnolls
  2 naga simulacra (IceCv)
  An ogre simulacrum (IceCv)
  5 river rats (Sewer)
  3 shadow imps
  A steam dragon skeleton (Crypt:2)
  4 white imps
  6 ufetubi (IceCv)
  19 oozes
  2 adder skeletons (D:6)
  A worm (D:2)
  2 dart slugs
  8 leopard geckos
  116 orcs
  13 bats
  A bat skeleton (Crypt:2)
  9 giant cockroaches
  20 goblins
  7 hobgoblins
  14 jackals
  5 quokkas
  9 ball pythons
  6 frilled lizards
  48 kobolds
  A quokka skeleton (Crypt:1)
  A quokka zombie (D:8)
  26 rats
  2 fungi
  26 plants
  3 tentacles (Shoals:4)
  3 withered plants (Crypt:3)
2857 creatures vanquished.

Vanquished Creatures (others)
  A black draconian (Zot:2)
  A purple draconian (Zot:1)
  A fire dragon (Depths:3)
  A deep elf knight (Vaults:3)
  A deep elf mage (Elf:1)
  A hornet (Vaults:4)
  A steam dragon (Lair:6)
  A naga (Snake:3)
  An orc wizard (Orc:2)
  3 orcs (Elf:2)
  35 fungi
  23 plants
  13 tentacles (Shoals:4)
  8 toadstools (D:8)
  17 withered plants (Crypt:3)
108 creatures vanquished.

Grand Total: 2965 creatures vanquished

Notes
Turn   | Place    | Note
-------+----------+-------------------------------------------
     0 | D:1      | mopl the Centaur Hunter began the quest for the Orb.
     0 | D:1      | Reached XP level 1. HP: 17/17 MP: 1/1
   111 | D:1      | Reached XP level 2. HP: 15/25 MP: 2/2
  1000 | D:2      | Reached XP level 3. HP: 17/30 MP: 3/3
  1384 | D:2      | Found a bloodstained altar of Trog.
  1763 | D:3      | Reached XP level 4. HP: 26/38 MP: 4/4
  1899 | D:3      | Reached skill level 1 in Polearms
  2279 | D:3      | Noticed Ijyb
  2289 | D:3      | Paralysed by Ijyb for 5 turns
  2309 | D:3      | Killed Ijyb
  2309 | D:3      | Reached XP level 5. HP: 39/46 MP: 5/5
  2874 | D:4      | Reached XP level 6. HP: 28/53 MP: 6/6
  3428 | D:4      | Noticed Menkaure
  3435 | D:4      | Killed Menkaure
  3464 | D:4      | Reached skill level 5 in Fighting
  3464 | D:4      | Reached XP level 7. HP: 47/61 MP: 7/7
  3556 | D:4      | Noticed Blork the orc
  3567 | D:4      | Killed Blork the orc
  3733 | D:4      | Noticed Sigmund
  3766 | D:4      | HP: 3/61 [Sigmund/magic dart (7)]
  3767 | D:4      | Killed Sigmund
  4327 | D:5      | Entered Level 5 of the Dungeon
  4335 | D:5      | Found Botuamemm's Magic Scroll Shoppe.
  4343 | D:5      | Bought a scroll of teleportation for 42 gold pieces
  4343 | D:5      | Bought a scroll of identify for 28 gold pieces
  4571 | D:5      | Reached XP level 8. HP: 36/70 MP: 8/8
  4585 | D:5      | Found a glowing drain.
  4637 | Sewer    | Entered a sewer
  5608 | D:5      | Reached skill level 10 in Bows
  6529 | D:5      | Bought a scroll of identify for 28 gold pieces
  6529 | D:5      | Bought a scroll of magic mapping for 49 gold pieces
  7372 | D:6      | Reached XP level 9. HP: 59/81 MP: 9/9
  7684 | D:6      | Found a shattered altar of Ashenzari.
  7684 | D:6      | Found a white marble altar of Elyvilon.
  7690 | D:6      | Found a sparkling altar of Nemelex Xobeh.
  7692 | D:6      | Found an ancient bone altar of Kikubaaqudgha.
  7694 | D:6      | Found a stormy altar of Qazlal.
  8245 | D:7      | Found a staircase to the Ecumenical Temple.
  8265 | Temple   | Entered the Ecumenical Temple
  8294 | Temple   | Became a worshipper of Warmaster Okawaru
  8625 | D:7      | Reached skill level 5 in Polearms
  8625 | D:7      | Reached skill level 1 in Invocations
  8731 | D:7      | Found a glowing golden altar of the Shining One.
  9075 | D:8      | Noticed Joseph
  9599 | D:8      | Killed Joseph
  9599 | D:8      | Reached * piety under Okawaru
  9599 | D:8      | Reached skill level 2 in Invocations
 10454 | D:8      | Reached XP level 10. HP: 91/91 MP: 11/11
 10523 | D:8      | Reached ** piety under Okawaru
 10861 | D:8      | Reached skill level 3 in Invocations
 10870 | D:8      | Noticed a two-headed ogre
 10954 | D:8      | Killed a two-headed ogre
 11240 | D:9      | Found a shadowy altar of Dithmenos.
 11258 | D:9      | Reached skill level 10 in Fighting
 11327 | D:9      | Reached skill level 4 in Invocations
 11405 | D:9      | Noticed a three-headed hydra
 11462 | D:9      | Killed a three-headed hydra
 11462 | D:9      | Reached *** piety under Okawaru
 11561 | D:9      | Noticed Harold
 11628 | D:9      | Killed Harold
 11810 | D:9      | Reached XP level 11. HP: 62/101 MP: 10/14
 12010 | D:9      | Reached **** piety under Okawaru
 12440 | D:9      | Received a gift from Okawaru
 12440 | D:9      | Reached skill level 5 in Invocations
 13022 | D:10     | Entered Level 10 of the Dungeon
 13634 | D:10     | Noticed a two-headed ogre
 13670 | D:10     | Killed a two-headed ogre
 14253 | D:10     | Reached ***** piety under Okawaru
 14638 | D:10     | Noticed a sun demon
 15161 | D:10     | Reached skill level 6 in Invocations
 15235 | D:11     | Reached skill level 15 in Bows
 15452 | D:11     | Found a staircase to the Lair.
 15536 | D:11     | Noticed a four-headed hydra
 15556 | D:11     | Killed a four-headed hydra
 15556 | D:11     | Received a gift from Okawaru
 15556 | D:11     | Reached skill level 1 in Evocations
 15653 | D:11     | Killed an unseen horror
 15653 | D:11     | Received a gift from Okawaru
 15653 | D:11     | Reached skill level 1 in Armour
 15800 | D:11     | Noticed an orc knight
 15944 | D:10     | Noticed a two-headed ogre
 15947 | D:10     | Killed an orc knight
 15947 | D:10     | Reached XP level 12. HP: 62/111 MP: 16/16
 15979 | D:10     | Killed a two-headed ogre
 16245 | D:11     | Found a roughly hewn altar of Beogh.
 16247 | D:11     | Found a staircase to the Orcish Mines.
 16452 | D:11     | Found Valel's Gadget Boutique.
 17034 | D:11     | Found Xocoss's Antique Weapon Shop.
 17053 | D:11     | Found Yreewoit's Magic Scroll Shop.
 17064 | D:11     | Bought a scroll of fog for 32 gold pieces
 17064 | D:11     | Bought a scroll of identify for 32 gold pieces
 17064 | D:11     | Bought a scroll of identify for 32 gold pieces
 17064 | D:11     | Bought a scroll of identify for 32 gold pieces
 17064 | D:11     | Bought a scroll of fog for 32 gold pieces
 17064 | D:11     | Bought a scroll of fog for 32 gold pieces
 17064 | D:11     | Bought a scroll of teleportation for 48 gold pieces
 17064 | D:11     | Bought a scroll of enchant armour for 120 gold pieces
 17248 | Lair:1   | Entered Level 1 of the Lair of Beasts
 17291 | Lair:1   | Got an encrusted trident
 17292 | Lair:1   | Identified the cursed +1 trident "Vasaz" {vorpal, rElec}
                  | (You found it on level 1 of the Lair of Beasts)
 17593 | Lair:1   | Reached skill level 7 in Invocations
 18138 | Lair:1   | Noticed Erica
 18156 | Lair:1   | Killed Erica
 18784 | Lair:1   | Noticed Gastronok
 18805 | Lair:1   | Killed Gastronok
 18805 | Lair:1   | Received a gift from Okawaru
 19123 | Orc:1    | Entered Level 1 of the Orcish Mines
 19125 | Orc:1    | Found Ikui's Antique Armour Shoppe.
 19186 | Orc:1    | Received a gift from Okawaru
 19803 | Orc:1    | Reached XP level 13. HP: 88/118 MP: 15/18
 20400 | Orc:1    | Found a radiant altar of Vehumet.
 20421 | Orc:1    | Noticed Maurice
 20431 | Orc:1    | Killed Maurice
 20746 | Orc:1    | Noticed an orc warlord
 20822 | Orc:1    | Killed an orc warlord
 20822 | Orc:1    | Received a gift from Okawaru
 21198 | Orc:1    | Received a gift from Okawaru
 21198 | Orc:1    | Reached ****** piety under Okawaru
 21201 | Orc:1    | Got a translucent halberd {god gift}
 21206 | Orc:1    | Identified the +7 halberd "Spider's Regret" {antimagic,
                  | Str+4 Dex+3} (Okawaru gifted it to you on level 1 of the
                  | Orcish Mines)
 21374 | Orc:1    | Reached skill level 8 in Invocations
 22507 | Orc:1    | Received a gift from Okawaru
 22707 | Orc:1    | Noticed an ettin
 22744 | Orc:1    | Killed an ettin
 22777 | Orc:1    | Noticed a stone giant
 22780 | Orc:1    | Noticed an ettin
 22798 | Orc:1    | Killed an ettin
 22862 | Orc:1    | Killed a stone giant
 22968 | Orc:1    | Identified a scroll of acquirement
 23052 | Orc:2    | Entered Level 2 of the Orcish Mines
 23249 | Orc:2    | Found a runed translucent door.
 23270 | Orc:2    | Found the +10 tower shield of Ignorance {rN+ Int-4}
 23275 | Orc:2    | Found a runed translucent door.
 23758 | Orc:2    | Paralysed by an orc sorcerer for 6 turns
 24071 | Orc:2    | Found a staircase to the Elven Halls.
 24449 | Orc:2    | Noticed Saint Roka
 24787 | Orc:2    | Killed Saint Roka
 24787 | Orc:2    | Reached skill level 5 in Evocations
 25113 | Orc:2    | Reached XP level 14. HP: 111/127 MP: 17/20
 25114 | Orc:2    | Received a gift from Okawaru
 25115 | Orc:2    | Got a translucent shortbow {god gift}
 25132 | Orc:2    | Identified the +8 shortbow "Vexyrir" {flame, +Blink rC+
                  | Str+4 Int-2 Dex+2} (Okawaru gifted it to you on level 2 of
                  | the Orcish Mines)
 25427 | Orc:2    | Found Huduemp's Food Emporium.
 25427 | Orc:2    | Found Bibyxt's Food Emporium.
 25428 | Orc:2    | Found Jaodof Omov's Book Shoppe.
 25428 | Orc:2    | Noticed Snorg
 25439 | Orc:2    | Killed Snorg
 25443 | Orc:2    | Found Ysoimn's Armour Shoppe.
 25923 | D:11     | Bought the +8 storm bow {elec, penet} for 1978 gold pieces
 25923 | D:11     | Found the +8 storm bow {elec, penet}
 26191 | Lair:2   | Noticed Sonja
 26192 | Lair:2   | Noticed Sonja
 26192 | Lair:2   | Sonja changed into Sonja the spiny frog
 26200 | Lair:2   | Killed Sonja the spiny frog
 26215 | Lair:2   | Reached skill level 9 in Invocations
 26382 | Lair:2   | Reached XP level 15. HP: 132/134 MP: 21/21
 26975 | Lair:3   | Received a gift from Okawaru
 27119 | Lair:3   | Found the +10 morningstar "Eos" {elec, Halo rElec}
 27216 | Lair:3   | Received a gift from Okawaru
 27344 | Lair:3   | Got an encrusted kite shield {god gift}
 27351 | Lair:3   | Identified the +9 kite shield "Jeygyuth" {rPois Dex-3
                  | Slay+3} (Okawaru gifted it to you on level 3 of the Lair of
                  | Beasts)
 28316 | Lair:4   | Found a staircase to the Shoals.
 28829 | Lair:4   | Found a staircase to the Snake Pit.
 28973 | Lair:4   | Reached skill level 5 in Dodging
 29163 | Lair:5   | You are sucked into a shaft and drop 1 floor!
 29163 | Lair:6   | Entered Level 6 of the Lair of Beasts
 29332 | Lair:6   | Reached skill level 5 in Armour
 29805 | Lair:5   | Received a gift from Okawaru
 29815 | Lair:5   | You are sucked into a shaft and drop 1 floor!
 30817 | Lair:5   | Received a gift from Okawaru
 30872 | Lair:5   | Found a viscous altar of Jiyva.
 30872 | Lair:5   | Found a staircase to the Slime Pits.
 31301 | Lair:6   | Found a runed translucent door.
 31320 | Lair:6   | Received a gift from Okawaru
 31429 | Lair:6   | Received a gift from Okawaru
 33103 | D:12     | Got a polished rapier
 33104 | D:12     | Identified the +9 rapier "Jigox" {vorpal, MR+} (You found
                  | it on level 12 of the Dungeon)
 33914 | D:13     | Reached XP level 16. HP: 139/144 MP: 23/23
 33960 | D:13     | Reached skill level 10 in Invocations
 33963 | D:13     | Found a gate to the Vaults.
 34592 | D:14     | Reached skill level 10 in Polearms
 35873 | D:14     | Received a gift from Okawaru
 35876 | D:14     | Got a smoking centaur barding {god gift}
 35896 | D:14     | Identified the +3 centaur barding of the Tundras {rPois rC+
                  | Str-5} (Okawaru gifted it to you on level 14 of the
                  | Dungeon)
 36256 | D:14     | Found a shadowy altar of Dithmenos.
 36278 | D:15     | Entered Level 15 of the Dungeon
 36476 | D:15     | Noticed Roxanne
 36501 | D:15     | Killed Roxanne
 36812 | D:15     | Noticed Jorgrun
 36828 | D:15     | Killed Jorgrun
 37152 | D:15     | Got a dazzling leather armour
 37163 | D:15     | Identified the +3 leather armour of the First Snow {Str+6
                  | Int+3 Dex+2} (You found it on level 15 of the Dungeon)
 37184 | D:15     | Found a glowing golden altar of the Shining One.
 37239 | D:15     | Noticed Nessos
 37247 | D:15     | Killed Nessos
 37605 | D:15     | Received a gift from Okawaru
 37695 | D:15     | Found a staircase to the Depths.
 37895 | D:15     | Found an opulent altar of Gozag.
 38142 | Snake:1  | Entered Level 1 of the Snake Pit
 38159 | Snake:1  | Found Baveh's Assorted Antiques.
 38166 | Snake:1  | Bought a potion of curing for 69 gold pieces
 38166 | Snake:1  | Bought a scroll of fog for 46 gold pieces
 38296 | Orc:1    | Bought an ancient plate armour for 868 gold pieces
 38306 | Orc:1    | Identified the +8 plate armour of Plasticity {rF+ Int+2}
                  | (You bought it in a shop on level 1 of the Orcish Mines)
 39357 | Snake:1  | Received a gift from Okawaru
 39545 | Snake:1  | Received a gift from Okawaru
 39604 | Snake:1  | Identified the +10 scale mail of the Louse {rC- Int+3
                  | Dex+2} (You found it on level 1 of the Snake Pit)
 39838 | Orc:2    | Bought the +1 cloak of the Griffon {rElec} for 399 gold
                  | pieces
 40220 | Snake:1  | Received a gift from Okawaru
 40441 | Snake:2  | Reached XP level 17. HP: 109/152 MP: 24/24
 40478 | Snake:2  | Received a gift from Okawaru
 40587 | Snake:2  | Found Ovaek's Food Shoppe.
 40639 | Snake:2  | Received a gift from Okawaru
 41593 | Snake:2  | Received a gift from Okawaru
 41606 | Snake:2  | Received a gift from Okawaru
 43367 | Snake:4  | Entered Level 4 of the Snake Pit
 43410 | Snake:4  | Found Xahoen's Food Emporium.
 43414 | Snake:4  | Found Alusir's General Store.
 43419 | Snake:4  | Found Ywkuunn's Assorted Antiques.
 43424 | Snake:4  | Bought a scroll of teleportation for 57 gold pieces
 43479 | Snake:4  | Received a gift from Okawaru
 43494 | Snake:4  | Noticed Vashnia
 43762 | Snake:4  | Killed Vashnia
 43762 | Snake:4  | Received a gift from Okawaru
 44078 | Snake:4  | Found a hide-covered altar of Uskayaw.
 44321 | Snake:4  | Reached XP level 18. HP: 102/162 MP: 26/26
 44535 | Snake:4  | Received a gift from Okawaru
 44536 | Snake:4  | Identified the +0 ring mail of the Ecumenical Temple {Str+4
                  | Dex+3} (Okawaru gifted it to you on level 4 of the Snake
                  | Pit)
 44757 | Snake:4  | Reached skill level 11 in Invocations
 45361 | Snake:4  | Reached skill level 15 in Fighting
 45506 | Snake:4  | Got a serpentine rune of Zot
 45937 | Shoals:1 | Entered Level 1 of the Shoals
 46004 | Shoals:1 | Received a gift from Okawaru
 46966 | Shoals:2 | Noticed Ilsuiw
 47571 | Shoals:2 | Killed Ilsuiw
 47673 | Shoals:2 | Noticed Louise
 47680 | Shoals:2 | Killed Louise
 47680 | Shoals:2 | Received a gift from Okawaru
 47893 | Shoals:2 | Received a gift from Okawaru
 48308 | Shoals:3 | Reached skill level 10 in Evocations
 48348 | Shoals:3 | Found a frozen archway.
 48403 | IceCv    | Entered an ice cave
 48656 | IceCv    | Received a gift from Okawaru
 49096 | IceCv    | Noticed an Ice Fiend
 49112 | IceCv    | Received a gift from Okawaru
 49572 | IceCv    | Killed an Ice Fiend
 49572 | IceCv    | Reached skill level 10 in Dodging
 50054 | IceCv    | Got a pair of brightly glowing gloves
 50060 | IceCv    | Identified the +0 pair of gloves of Lust {rElec} (You found
                  | it in an ice cave)
 50071 | IceCv    | Got a shimmering spear
 50072 | IceCv    | Identified the +3 spear of the Shimmering Priest {vorpal,
                  | rPois} (You found it in an ice cave)
 50571 | Shoals:3 | Found a runed translucent door.
 50611 | Shoals:3 | Reached skill level 10 in Armour
 50631 | Shoals:3 | Reached XP level 19. HP: 134/170 MP: 27/27
 51746 | Shoals:3 | Reached skill level 12 in Invocations
 51963 | Shoals:4 | Entered Level 4 of the Shoals
 52470 | Shoals:4 | Received a gift from Okawaru
 52803 | Shoals:4 | Got a barnacled rune of Zot
 53369 | Shoals:4 | Received a gift from Okawaru
 53894 | Shoals:4 | Received a gift from Okawaru
 54674 | Vaults:1 | Entered Level 1 of the Vaults
 54729 | D:13     | Received a gift from Okawaru
 54991 | Vaults:1 | Received a gift from Okawaru
 54992 | Vaults:1 | Got an ancient trident {god gift}
 55132 | Vaults:1 | Identified the +1 trident "Ifrug" {vorpal, Int+4} (Okawaru
                  | gifted it to you on level 1 of the Vaults)
 55197 | Vaults:1 | Noticed Donald
 55212 | Vaults:1 | Killed Donald
 56006 | Vaults:1 | Found a shadowy altar of Dithmenos.
 56050 | Vaults:1 | Received a gift from Okawaru
 56126 | Vaults:1 | Learned a level 1 spell: Apportation
 56129 | Vaults:1 | Learned a level 2 spell: Blink
 56637 | Vaults:2 | Reached XP level 20. HP: 180/180 MP: 29/29
 56788 | Vaults:2 | Received a gift from Okawaru
 56789 | Vaults:2 | Got a sapphire glaive {god gift}
 56799 | Vaults:2 | Identified the +3 glaive of Tacu {elec, rF+ rC+ Str+4}
                  | (Okawaru gifted it to you on level 2 of the Vaults)
 57244 | Vaults:2 | Found a runed translucent gate.
 57251 | Vaults:2 | Found a runed translucent gate.
 57251 | Vaults:2 | Found a runed translucent gate.
 57960 | Vaults:2 | Reached skill level 13 in Invocations
 58232 | Vaults:2 | Noticed astronautguy's ghost (master FoEE)
 58232 | Vaults:2 | Noticed vegansnacktivist's ghost (adept DDFi)
 58277 | Vaults:2 | Killed astronautguy's ghost
 58277 | Vaults:2 | Received a gift from Okawaru
 58357 | Vaults:2 | Killed vegansnacktivist's ghost
 58410 | Vaults:2 | Got a wavering bronze ring
 58411 | Vaults:2 | Identified the cursed ring "Oridosh" {rF+ MR+ Int-4 Dex+3}
                  | (You found it on level 2 of the Vaults)
 59370 | Vaults:3 | Received a gift from Okawaru
 59812 | Vaults:3 | Received a gift from Okawaru
 60298 | Vaults:3 | Found a staircase to the Crypt.
 61086 | Vaults:4 | Found Uluqos's Gadget Boutique.
 61140 | Vaults:4 | Found Xabop's Magic Scroll Emporium.
 61143 | Vaults:4 | Received a gift from Okawaru
 61143 | Vaults:4 | Reached XP level 21. HP: 189/189 MP: 31/31
 61159 | Vaults:4 | Bought a scroll of fear for 70 gold pieces
 61159 | Vaults:4 | Bought a scroll of teleportation for 60 gold pieces
 61285 | Vaults:4 | Received a gift from Okawaru
 62930 | Elf:1    | Entered Level 1 of the Elven Halls
 63175 | Elf:1    | Reached skill level 1 in Translocations
 63317 | Elf:1    | Received a gift from Okawaru
 63318 | Elf:1    | Reached skill level 14 in Invocations
 63657 | Elf:1    | Found Bakleff's Gadget Shoppe.
 63658 | Elf:1    | Found Xelifid's Jewellery Boutique.
 63661 | Elf:1    | Found Xoiq's Gadget Shoppe.
 64165 | Elf:2    | Found Koippub's Antique Armour Shop.
 64580 | Elf:2    | Found a huge runed translucent gate.
 64580 | Elf:2    | Found a huge runed translucent gate.
 64580 | Elf:2    | Found a huge runed translucent gate.
 64580 | Elf:2    | Found a huge runed translucent gate.
 64580 | Elf:2    | Found a huge runed translucent gate.
 64799 | Elf:3    | Entered Level 3 of the Elven Halls
 64816 | Elf:3    | Received a gift from Okawaru
 65033 | Elf:3    | Found Mirch's Elven Fire.
 65203 | Elf:3    | Found Puale's Magic Scroll Emporium.
 65256 | Elf:3    | Found a roughly hewn altar of Beogh.
 65785 | Elf:3    | Identified the amulet of the Monkey {Acrobat rElec rC+
                  | rN+++ Dex-2}
 65889 | Elf:3    | Identified the +6 broad axe "Qeetu" {vorpal, rN+++ Str+3
                  | Dex-3 Stlth+}
 65922 | Elf:3    | Reached XP level 22. HP: 117/198 MP: 32/32
 66231 | Elf:3    | Identified the Reference Book on the Spatial Arsonist
 66278 | Elf:3    | Identified the +6 falchion "Coteuthe" {holy, rC++ Str+6
                  | Stlth-}
 66332 | Elf:3    | Received a gift from Okawaru
 66344 | Elf:3    | Identified the +5 scale mail "Oracyu" {MR- Int+2 Dex+5}
                  | (You found it on level 3 of the Elven Halls)
 66347 | Elf:3    | Identified the Compendium of the Quantum Rocks
 67035 | Slime:1  | Entered Level 1 of the Pits of Slime
 68407 | Slime:5  | Entered Level 5 of the Pits of Slime
 68648 | Slime:5  | Noticed the Royal Jelly
 68649 | Slime:5  | Found a viscous altar of Jiyva.
 68669 | Slime:5  | Killed the Royal Jelly
 68669 | Slime:5  | Received a gift from Okawaru
 68707 | Slime:5  | Reached skill level 5 in Translocations
 68738 | Slime:5  | Identified the Grimoire of Subjectivity
 68744 | Slime:5  | Identified the Guide on Dark Flight
 68747 | Slime:5  | Found the ring of the Mage {Wiz MR++ Int+3}
 68808 | Slime:5  | Got a slimy rune of Zot
 68840 | Slime:5  | Identified the cursed +0 kite shield of Odifyell {Str+2}
                  | (You found it on level 5 of the Pits of Slime)
 68842 | Slime:5  | Identified the +2 trident of Gallantry {venom, rC+} (You
                  | found it on level 5 of the Pits of Slime)
 68859 | Slime:5  | Gained mutation: Your spells are a little easier to cast,
                  | but a little less powerful. [a shining eye]
 69185 | Depths:1 | Entered Level 1 of the Depths
 69279 | Depths:1 | Reached skill level 15 in Invocations
 69561 | Depths:1 | Noticed Aizul
 69575 | Depths:1 | Killed Aizul
 69714 | Depths:1 | Found a gateway to Hell.
 69723 | Depths:1 | Received a gift from Okawaru
 69756 | Depths:1 | Identified the +3 glaive "Beastslayer" {freeze, rElec SInv}
                  | (Okawaru gifted it to you on level 1 of the Depths)
 70305 | Depths:3 | Reached XP level 23. HP: 187/209 MP: 34/34
 70454 | Depths:3 | Received a gift from Okawaru
 70741 | Depths:3 | Found a one-way gate to the infinite horrors of the Abyss.
 70748 | Depths:3 | Found a runed translucent gate.
 70748 | Depths:3 | Found a runed translucent gate.
 70748 | Depths:3 | Found a runed translucent gate.
 70748 | Depths:3 | Noticed Jueplic's ghost (veteran TrHu)
 70810 | Depths:3 | Found a one-way gate leading to the halls of Pandemonium.
 71134 | Depths:3 | Found a runed translucent door.
 71134 | Depths:3 | Noticed a caustic shrike
 71135 | Depths:3 | Identified the +5 quarterstaff "Fiac" {freeze, SInv}
 71136 | Depths:3 | Noticed a juggernaut
 71146 | Depths:3 | Killed a caustic shrike
 71153 | Depths:3 | Killed a juggernaut
 71163 | Depths:3 | Received a gift from Okawaru
 71179 | Depths:3 | Identified the Disquisition on Assistive Attacks
 71206 | Depths:3 | Found a runed translucent door.
 71585 | Depths:2 | Noticed an ancient lich
 71595 | Depths:2 | Killed an ancient lich
 71595 | Depths:2 | Received a gift from Okawaru
 71595 | Depths:2 | Received a gift from Okawaru
 72506 | Depths:2 | Identified the Disquisition on Slavery
 72989 | Depths:3 | Identified the cursed quicksilver dragon scales of
                  | Indomitability {MR+ Regen+ rCorr Dex+3} (You found it on
                  | level 3 of the Depths)
 73374 | Depths:4 | Found a gateway to a ziggurat.
 73456 | Depths:4 | Received a gift from Okawaru
 73616 | Depths:4 | Noticed Boris
 74030 | Depths:4 | Reached skill level 15 in Armour
 74060 | Depths:4 | Killed Boris
 74929 | Depths:5 | Entered Level 5 of the Depths
 74949 | Depths:5 | Reached skill level 15 in Dodging
 74967 | Depths:5 | Received a gift from Okawaru
 74970 | Depths:5 | Identified the +8 shortbow of Sloth {flame, Dex+3} (Okawaru
                  | gifted it to you on level 5 of the Depths)
 75027 | Depths:5 | Reached XP level 24. HP: 221/221 MP: 34/34
 75035 | Depths:5 | Reached skill level 16 in Invocations
 75698 | Depths:5 | Received a gift from Okawaru
 76264 | Depths:5 | Found a runed translucent door.
 76268 | Depths:5 | Found a runed translucent door.
 76268 | Depths:5 | Found a runed translucent door.
 76286 | Depths:5 | Found a runed translucent door.
 76470 | Depths:5 | Found a gate to the Realm of Zot.
 76524 | Depths:5 | Found a runed translucent door.
 76524 | Depths:5 | Found a runed translucent door.
 78185 | Crypt:1  | Entered Level 1 of the Crypt
 78256 | Crypt:1  | Noticed Bai Suzhen
 78273 | Crypt:1  | Killed Bai Suzhen
 78289 | Crypt:1  | Received a gift from Okawaru
 78324 | Crypt:1  | Identified the +1 helmet "Juqij" {Slay+3} (Okawaru gifted
                  | it to you on level 1 of the Crypt)
 78396 | Crypt:1  | Identified the +9 shortbow of Destiny {venom, Dex+4}
 80008 | Crypt:2  | Noticed Jory
 80025 | Crypt:2  | Killed Jory
 80407 | Crypt:2  | Reached XP level 25. HP: 201/231 MP: 35/35
 80662 | Crypt:2  | Noticed Sojobo
 80668 | Crypt:2  | Received a gift from Okawaru
 80678 | Crypt:2  | Killed Sojobo
 80678 | Crypt:2  | Reached skill level 15 in Polearms
 80678 | Crypt:2  | Reached skill level 17 in Invocations
 80684 | Crypt:2  | Identified the +1 longbow of Nir Sato {freeze, rN+ Str+4}
                  | (Okawaru gifted it to you on level 2 of the Crypt)
 80738 | Crypt:3  | Entered Level 3 of the Crypt
 81605 | Crypt:3  | Noticed Boris
 81629 | Crypt:3  | Killed Boris
 81629 | Crypt:3  | Received a gift from Okawaru
 81640 | Crypt:3  | Identified the +1 scale mail "Anioliolas" {-Cast rF+ Int+3}
                  | (Okawaru gifted it to you on level 3 of the Crypt)
 81694 | Crypt:3  | Found a staircase to the Tomb.
 81877 | Crypt:3  | Identified the Collected Works on Darkness
 81999 | Crypt:3  | Found an ancient bone altar of Kikubaaqudgha.
 82035 | Crypt:3  | Noticed an ancient lich
 82047 | Crypt:3  | Cast into level 5 of the Abyss (an ancient lich)
 82047 | Abyss:5  | Entered Level 5 of the Abyss
 82133 | Abyss:5  | Got an abyssal rune of Zot
 82186 | Crypt:3  | Escaped the Abyss
 82194 | Crypt:3  | Killed an ancient lich
 82203 | Crypt:3  | Identified Idanlo Ufoet's Tome of Execration
 82247 | Crypt:3  | Identified the +11 glaive of Ubieqiawn {vorpal, Int+4} (You
                  | found it on level 3 of the Crypt)
 82251 | Crypt:3  | Identified the cursed +1 battleaxe "Joxes" {antimagic,
                  | *Noise *Corrode MR+ Str+4 Dex+4} (You found it on level 3
                  | of the Crypt)
 82605 | Crypt:3  | Found the +3 hat of Pondering {ponderous, MR+ MP+10 Int+5}
 83313 | Elf:2    | Bought a spiked cloak for 313 gold pieces
 83313 | Elf:2    | Identified the +1 cloak "Ytonwoggaa" {rC+} (You bought it
                  | in a shop on level 2 of the Elven Halls)
 83315 | Elf:2    | Bought a brightly glowing plate armour for 924 gold pieces
 83315 | Elf:2    | Identified the +9 plate armour of Erirch {rC+ Str+4} (You
                  | bought it in a shop on level 2 of the Elven Halls)
 83639 | Vaults:4 | Bought a scroll of enchant armour for 150 gold pieces
 83639 | Vaults:4 | Bought a scroll of acquirement for 1040 gold pieces
 83980 | Elf:1    | Bought the amulet of the Four Winds {rN+ MR+++ Clar} for
                  | 526 gold pieces
 83980 | Elf:1    | Found the amulet of the Four Winds {rN+ MR+++ Clar}
 83980 | Elf:1    | Bought the amulet of Vitality {Regen+ HP+15} for 948 gold
                  | pieces
 83980 | Elf:1    | Found the amulet of Vitality {Regen+ HP+15}
 84062 | Elf:3    | Bought a scroll of identify for 26 gold pieces
 84062 | Elf:3    | Bought a scroll of fog for 26 gold pieces
 84062 | Elf:3    | Bought a scroll of teleportation for 39 gold pieces
 84062 | Elf:3    | Bought a scroll of teleportation for 39 gold pieces
 84062 | Elf:3    | Bought a scroll of enchant armour for 97 gold pieces
 84062 | Elf:3    | Bought a scroll of summoning for 123 gold pieces
 84062 | Elf:3    | Bought 2 scrolls of immolation for 91 gold pieces
 84062 | Elf:3    | Bought a scroll of identify for 26 gold pieces
 84062 | Elf:3    | Bought a scroll of teleportation for 39 gold pieces
 84062 | Elf:3    | Bought a scroll of identify for 26 gold pieces
 84367 | D:5      | Bought a scroll of teleportation for 42 gold pieces
 84367 | D:5      | Bought a scroll of remove curse for 42 gold pieces
 84367 | D:5      | Bought 2 scrolls of fear for 98 gold pieces
 84367 | D:5      | Bought a scroll of enchant weapon for 105 gold pieces
 84760 | Vaults:5 | Entered Level 5 of the Vaults
 85062 | Vaults:4 | Received a gift from Okawaru
 85639 | Vaults:5 | Received a gift from Okawaru
 85662 | Vaults:5 | Reached skill level 18 in Invocations
 85665 | Vaults:5 | Identified the +5 long sword of Joyful Slaughter {drain,
                  | rElec rPois rN+++}
 86237 | Vaults:5 | Received a gift from Okawaru
 86242 | Vaults:5 | Reached XP level 26. HP: 227/239 MP: 36/36
 86639 | Vaults:5 | Identified the +2 animal skin of Going Fast {rElec rF+ rN+
                  | SInv} (Okawaru gifted it to you on level 5 of the Vaults)
 87291 | Vaults:5 | Identified the Incunabulum of Arcane Weapons
 87296 | Vaults:5 | Identified the +0 cloak of Greed {Str+3 Int+4} (You found
                  | it on level 5 of the Vaults)
 87396 | Vaults:5 | Got a silver rune of Zot
 87456 | Vaults:5 | Noticed an ancient lich
 87467 | Vaults:5 | Killed an ancient lich
 87486 | Vaults:5 | Found Neemeih's Jewellery Emporium.
 87512 | Vaults:5 | Found Zirhuwup's Food Shoppe.
 87549 | Vaults:5 | Reached skill level 1 in Spellcasting
 87590 | Vaults:5 | Reached skill level 10 in Translocations
 87664 | Vaults:5 | Found Viris's Distillery.
 87668 | Vaults:5 | Bought a potion of heal wounds for 60 gold pieces
 87668 | Vaults:5 | Bought a potion of heal wounds for 60 gold pieces
 87668 | Vaults:5 | Bought a potion of heal wounds for 60 gold pieces
 87668 | Vaults:5 | Bought 2 potions of curing for 72 gold pieces
 87668 | Vaults:5 | Bought a potion of curing for 36 gold pieces
 87668 | Vaults:5 | Bought a potion of haste for 120 gold pieces
 87668 | Vaults:5 | Bought a potion of ambrosia for 96 gold pieces
 87668 | Vaults:5 | Bought a potion of mutation for 96 gold pieces
 87668 | Vaults:5 | Bought a potion of curing for 36 gold pieces
 87693 | Vaults:5 | Found Upriehiu's Magic Scroll Boutique.
 87697 | Vaults:5 | Bought a scroll of summoning for 228 gold pieces
 87697 | Vaults:5 | Bought a scroll of fog for 48 gold pieces
 87697 | Vaults:5 | Bought a scroll of identify for 48 gold pieces
 87697 | Vaults:5 | Bought 3 scrolls of identify for 144 gold pieces
 88128 | Vaults:5 | Bought the ring of Didweix {rC+ rN+ Dex+2} for 840 gold
                  | pieces
 88688 | Zot:1    | Entered Level 1 of the Realm of Zot
 88719 | Zot:1    | Received a gift from Okawaru
 88821 | Zot:1    | Received a gift from Okawaru
 89226 | Zot:1    | Reached skill level 19 in Invocations
 89636 | Zot:1    | Received a gift from Okawaru
 89855 | Zot:1    | Reached XP level 27. HP: 146/247 MP: 36/36
 90704 | Zot:1    | Received a gift from Okawaru
 90797 | Zot:2    | Noticed an orb of fire
 90797 | Zot:2    | Gained mutation: You are dopey. (Int -2) [an orb of fire]
 90813 | Zot:2    | Gained mutation: You are clumsy. (Dex -2) [an orb of fire]
 90819 | Zot:2    | Killed an orb of fire
 91581 | Zot:2    | Noticed an orb of fire
 91585 | Zot:2    | Gained mutation: Scrolls take you a little longer to read.
                  | [an orb of fire]
 91604 | Zot:2    | Gained mutation: You are very dopey. (Int -4) [an orb of
                  | fire]
 91607 | Zot:2    | Killed an orb of fire
 91611 | Zot:2    | Received a gift from Okawaru
 92057 | Zot:3    | Lost mutation: You are very dopey. (Int -4) [potion of
                  | mutation]
 92057 | Zot:3    | Gained mutation: Your muscles are strong. (Str +2) [potion
                  | of mutation]
 92057 | Zot:3    | Gained mutation: Your muscles are very strong. (Str +4)
                  | [potion of mutation]
 92058 | Zot:3    | Lost mutation: You are dopey. (Int -2) [potion of mutation]
 92058 | Zot:3    | Lost mutation: You are clumsy. (Dex -2) [potion of
                  | mutation]
 92058 | Zot:3    | Gained mutation: You are robust. (+10% HP) [potion of
                  | mutation]
 92058 | Zot:3    | Lost mutation: Scrolls take you a little longer to read.
                  | [potion of mutation]
 92149 | Zot:3    | Reached skill level 20 in Invocations
 92958 | Zot:4    | Noticed an orb of fire
 92979 | Zot:4    | Killed an orb of fire
 93054 | Zot:4    | Found a transporter.
 93447 | Zot:4    | Found a transporter.
 93461 | Zot:4    | Noticed an ancient lich
 93473 | Zot:4    | Received a gift from Okawaru
 93473 | Zot:4    | Reached skill level 21 in Invocations
 93670 | Zot:4    | Identified the +2 cloak of Rationality {-Tele Regen+ rCorr}
 93694 | Zot:4    | Received a gift from Okawaru
 94195 | Zot:4    | Received a gift from Okawaru
 94195 | Zot:4    | Reached skill level 22 in Invocations
 94405 | Zot:4    | Killed an ancient lich
 94465 | Zot:4    | Identified the ring "Qiacuduff" {rF+ Int+4} (You found it
                  | on level 4 of the Realm of Zot)
 94798 | Zot:5    | Entered Level 5 of the Realm of Zot
 94803 | Zot:5    | Received a gift from Okawaru
 95050 | Zot:5    | Received a gift from Okawaru
 95165 | Zot:5    | Reached skill level 23 in Invocations
 95673 | Zot:5    | Noticed an ancient lich
 95680 | Zot:5    | Killed an ancient lich
 95737 | Zot:5    | Noticed an orb of fire
 95753 | Zot:5    | Gained mutation: Your body sometimes deteriorates upon
                  | taking damage. [an orb of fire]
 95754 | Zot:5    | Killed an orb of fire
 95754 | Zot:5    | Reached skill level 24 in Invocations
 95796 | Zot:5    | Noticed an orb of fire
 95805 | Zot:5    | Gained mutation: You have a somewhat thin skeletal
                  | structure. (Dex +2, Stealth) [an orb of fire]
 95823 | Zot:5    | Killed an orb of fire
 95829 | Zot:5    | Noticed an orb of fire
 95844 | Zot:5    | Killed an orb of fire
 95850 | Zot:5    | Received a gift from Okawaru
 95913 | Zot:5    | Reached skill level 25 in Invocations
 96202 | Zot:5    | Noticed an orb of fire
 96203 | Zot:5    | Noticed an orb of fire
 96205 | Zot:5    | Noticed an orb of fire
 96208 | Zot:5    | Noticed an orb of fire
 96215 | Zot:5    | Killed an orb of fire
 96217 | Zot:5    | Gained mutation: You have sharp fingernails. [an orb of
                  | fire]
 96219 | Zot:5    | Killed an orb of fire
 96219 | Zot:5    | Received a gift from Okawaru
 96238 | Zot:5    | Received a gift from Okawaru
 96238 | Zot:5    | Reached skill level 26 in Invocations
 96251 | Zot:5    | Received a gift from Okawaru
 96272 | Zot:5    | Killed an orb of fire
 96272 | Zot:5    | Received a gift from Okawaru
 96297 | Zot:5    | Gained mutation: You occasionally shout uncontrollably at
                  | your foes. [an orb of fire]
 96300 | Zot:5    | Killed an orb of fire
 96468 | Zot:5    | Got the Orb of Zot
 96732 | Zot:1    | Noticed Dupsudung the pandemonium lord
 96800 | Depths:5 | Noticed Kyreokleo the pandemonium lord
 97127 | D:9      | Noticed Custripakh the pandemonium lord
 97224 | D:8      | Noticed Ponah the pandemonium lord
 97439 | D:1      | Noticed Qunnih the pandemonium lord
 97462 | D:1      | Killed Qunnih the pandemonium lord
 97499 | D:$      | Escaped with the Orb!

Illustrated notes

Levels and vault maps discovered:
D:1:      wander_arrival_peaceful_grave, layout_loops_ring,
          minmay_misc_feat_cross
D:2:      layout_loops_ring, first_ration, trog_hazing_becter
D:3:      layout_loops_corners, uniq_ijyb
D:4:      layout_basic, uniq_menkaure, uniq_sigmund, uniq_blork_the_orc
D:5:      layout_loops_corners, serial_shops, shop_scrolls, portal_sewer_entry_f
D:6:      layout_loops_corners, chequers_temple_overflow_minitemple
D:7:      layout_gridville, minmay_temple_entry_statues_pillars, basic_altar
D:8:      cheibrodos_fertilizer, layout_cave_pods, uniq_joseph
D:9:      lemuel_slime, layout_gridville, old_standard_altar, hangedman_ranch
          [blue_anna_fruit_fields], uniq_harold
D:10:     minmay_the_grid_4x2 [minmay_the_grid_outer_diamond,
          minmay_the_grid_expand, minmay_the_grid_outer_circle,
          minmay_the_grid_rooms, minmay_the_grid_spikes,
          minmay_the_grid_broken_lines, minmay_the_grid_garden,
          minmay_the_grid_prize_inner_circle], layout_rooms, serial_curves,
          eino_curves_04, eino_curves_03
D:11:     layout_cave_pods, due_lair_maze_entry_diamond, david_orc_5,
          serial_shops, shop_fountains, nicolae_shop_trees,
          nicolae_shop_overgrown_old_shop, minmay_door_square
D:12:     kennysheep_scales, layout_rooms
D:13:     layout_small_grid, david_vaults_1, lemuel_old_faithful
D:14:     layout_rooms, grunt_dithmenos_shadows, kennysheep_boxes
D:15:     hangedman_depths_entry_civil_slaughter, layout_basic, tso_altar,
          grunt_gozag_breadcrumbs, uniq_nessos, uniq_jorgrun, uniq_roxanne
Temple:   regret_index_temple_sphere_string
Lair:1:   layout_loops_ring, chequers_serial_rivers_micro_d,
          beast_lair_carwin_7, uniq_gastronok, uniq_erica
Lair:2:   layout_big_grid, uniq_sonja
Lair:3:   dragon1_lemuel, layout_loops_ring, grunt_megastairs_3,
          infiniplex_staircase_pool, minmay_lair_oklob_chamber
Lair:4:   layout_regular_city, elwin_shoals_entry_stream,
          minmay_snake_entry_six_corridors
Lair:5:   layout_cave_pods, dpeg_slime_entry_enclosed_altar, serial_bayou_pond_d
Lair:6:   wormcave, layout_layer_cave, guppyfry_lair_end_dragon,
          gammafunk_lair_bear_cave
Shoals:1: layout_shoals
Shoals:2: layout_shoals, nicolae_shoals_drake_roost, uniq_ilsuiw, uniq_louise
Shoals:3: cheibrodos_shoals_epimethial_gifts, layout_shoals,
          portal_ice_cave_entry_frozen_things, lightli_airlock
Shoals:4: shoals_end_simple, layout_shoals, nicolae_shoals_kraken_intersection
Snake:1:  nicolae_snakescales, layout_basic, serial_shops,
          nicolae_shop_statue_plus, nicolae_large_snake_swirl
Snake:2:  layout_concentric_octagons, serial_shops, nicolae_shop_stone,
          grunt_megastairs_1
Snake:3:  layout_onion_interference
Snake:4:  minmay_snake_end_coiled, layout_rooms, basic_altar, st_stairs_5,
          serial_bayou_shore_b, minmay_shop_star, lemuel_fruit_tree,
          uniq_vashnia
Slime:1:  layout_caves
Slime:2:  layout_caves, cheibrodos_slime_lost_civilization_4
Slime:3:  layout_caves
Slime:4:  layout_caves
Slime:5
Orc:1:    giant_chief_lemuel, layout_diamond_mine, serial_shops, shop,
          basic_altar, uniq_maurice
Orc:2:    st_orc_mages, layout_caves, chequers_guarded_unrand_ignorance,
          uniq_snorg, uniq_saint_roka
Elf:1:    layout_geoelf_grid, hangedman_elf_disciples, minmay_shop_grove
Elf:2:    layout_geoelf_octagon, serial_shops, shop
Elf:3:    grunt_elf_hall_branching, layout_geoelf_castle, serial_shops, shop,
          special_room [special_room_orc], guppyfry_elf_lava
Vaults:1: vaults_room_stairs_pillars, hangedman_vaults_restitches, st_squares,
          nicolae_vaults_alarming, vaults_room_stairs_pillars, v_misc_3,
          vaults_mumra_chevron_long, ontoclasm_vaults_twist,
          nicolae_vaults_asterisk, v_misc_9, v_misc_8, layout_vaults_maze_bifur,
          basic_altar, uniq_donald
Vaults:2: gammafunk_vaults_ghost_cemetery, nicolae_vaults_network_periphery,
          grunt_vaults_swirl, ontoclasm_vaults_eye, v_pattern_3,
          vaults_standard_mumra_lines, nicolae_vaults_specimen_jars,
          layout_vaults_ring
Vaults:3: hangedman_vaults_hat, minmay_crypt_entry_nasty_monster,
          nicolae_vaults_yaktaur_gun_rack, v_rooms_5, vaults_room_large_hall,
          special_room_vaults [special_room_orc], layout_vaults_quadrants
Vaults:4: nicolae_vaults_asterisk, nicolae_vaults_shelves_hall,
          ontoclasm_vaults_pinch, grunt_vaults_diagonal, v_misc_29,
          nicolae_vaults_windows_and_doors_thing, nicolae_vaults_sealed_display,
          grunt_vaults_focal, grunt_vaults_hallway_short, v_misc_30,
          grunt_vaults_hallway_short, vaults_room_stairs_pillars,
          layout_vaults_omnibox, serial_shops, shop_statue,
          nicolae_shop_temple_entry_statues_fountains
Vaults:5: serial_shops
Crypt:1:  layout_chaotic_city, roderic_lattice_octagonal_star,
          grunt_crypt_arrival_guarded_gate, uniq_bai_suzhen
Crypt:2:  layout_regular_city, uniq_sojobo, uniq_jory
Crypt:3:  quadcrypt_mu
Depths:1: layout_gridville, hangedman_coc_ice_floe, kennysheep_generic_room_14,
          firewood_loft, uniq_aizul
Depths:2: lemuel_river_lethe, serial_shops, hell_entry, pan_entry, abyss_entry
Depths:3: minmay_gate_of_8, layout_long_grid, abyss_entry,
          rand_demon_pan_entry_8, lightli_too_deep, gammafunk_ghost_split,
          chequers_serial_rivers_large_a, minmay_crystal_box
Depths:4: hangedman_screamer, layout_cave_pools, enter_ziggurat_a,
          pf_hell_entry_great_geh, abyss_entry, infiniplex_staircase_star,
          serial_bayou_shore_b
Depths:5: evilmike_zot_entry_castle, layout_basic, hell_entry
Zot:1:    lemuel_acid_trip, layout_onion_interference, st_small_dragon_hoard_2
Zot:2:    layout_concentric_octagons
Zot:3:    layout_basic, st_single_dragon_hoard_2
Zot:4:    gammafunk_the_bubble [the_bubble_gammafunk_split],
          layout_cellular_growth
Zot:5:    layout_gridville

Skill      XL: |  1  2  3  4  5  6  7  8  9 10 11 12 13 14 15 16 17 18 19 20 21 22 23 24 25 26 27 |
---------------+----------------------------------------------------------------------------------+-----
Bows           | 6 7 8 9 11 12 13 15 16 17 19 20 | 20.0
Fighting       | 3 4 5 6 7 9 10 11 12 13 14 15 16 18 19 20 | 20.8
Polearms       | 1 2 3 4 5 6 7 8 9 11 12 13 14 15 16 | 16.7
Invocations    | 2 4 6 7 8 9 10 11 12 13 14 15 16 18 19 26 | 26.2
Evocations     | 1 3 5 6 8 9 10 | 10.0
Armour         | 1 3 4 5 7 8 10 11 12 13 14 15 16 17 18 | 18.7
Dodging        | 2 3 4 5 7 8 10 11 12 13 14 15 16 17 18 | 18.0
Translocations | 3 5 7 8 9 10 11 | 11.8
Spellcasting   | 3 4 |  4.0
Stealth        | |  0.4

Action                   |  1- 3 |  4- 6 |  7- 9 | 10-12 | 13-15 | 16-18 | 19-21 | 22-24 | 25-27 || total
-------------------------+-------+-------+-------+-------+-------+-------+-------+-------+-------++-------
Melee: Short sword       |    23 |       |       |       |       |       |       |       |       ||    23
       Kick              |    20 |    16 |   106 |   262 |   204 |    81 |    17 |    10 |   149 ||   865
       Spear             |   146 |   111 |   445 |   235 |       |       |       |       |       ||   937
       Falchion          |       |       |       |     1 |       |       |       |       |       ||     1
       Trident           |       |       |       |   501 |   711 |   291 |    31 |    14 |       ||  1548
       Punch             |       |       |       |     8 |     4 |     1 |       |     1 |       ||    14
       Glaive            |       |       |       |       |       |       |    18 |    28 |   454 ||   500
       Longbow           |       |       |       |       |       |       |     3 |       |       ||     3
 Fire: Shortbow          |       |    67 |   265 |   532 |   410 |       |       |       |       ||  1274
       Longbow           |       |       |       |       |   268 |  1469 |  1683 |  1929 |  2041 ||  7390
Throw: Dart              |       |       |    45 |     7 |    13 |       |       |       |       ||    65
 Cast: Apportation       |       |       |       |       |       |       |       |     8 |    23 ||    31
       Blink             |       |       |       |       |       |       |       |       |    10 ||    10
Invok: Heroism           |       |       |       |    28 |    29 |    20 |    17 |    15 |    38 ||   147
       Finesse           |       |       |       |       |     1 |     1 |     1 |     1 |     5 ||     9
 Abil: Stop Flying       |       |       |       |       |       |     2 |     1 |       |       ||     3
       Evoke Flight      |       |       |       |       |       |     2 |     1 |       |       ||     3
       Evoke Berserk Rag |       |       |       |       |       |       |       |     1 |     1 ||     2
Evoke: Wand              |       |       |       |       |     8 |       |     1 |     1 |     2 ||    12
  Use: Scroll            |       |       |    11 |    10 |    11 |     6 |     2 |    15 |    38 ||    93
       Potion            |       |       |       |       |     1 |     1 |     2 |       |    17 ||    21
 Stab: Invisible         |       |       |       |       |       |       |       |       |     4 ||     4
  Eat: Chunk             |     2 |     4 |    15 |    19 |    37 |    23 |    32 |    17 |    15 ||   164
       Ration            |       |       |     1 |     2 |       |     6 |     1 |     6 |    11 ||    27
Armor: Leather armour    |     5 |       |       |     2 |       |       |       |       |       ||     7
       Ring mail         |    47 |    43 |   149 |       |       |       |       |       |       ||   239
       Swamp dragon scal |       |       |    26 |   222 |   305 |   304 |    61 |       |       ||   918
       Skin              |       |       |       |     1 |       |       |       |       |       ||     1
       Plate armour      |       |       |       |       |       |       |   197 |       |       ||   197
       Pearl dragon scal |       |       |       |       |       |       |    34 |   297 |   112 ||   443
       Gold dragon scale |       |       |       |       |       |       |       |    18 |   774 ||   792
Dodge: Dodged            |    68 |    47 |   174 |   270 |   244 |   229 |   219 |   341 |   499 ||  2091
       Rpst.: Falchion   |       |       |       |     1 |       |       |       |       |       ||     1
